Construct Section Command Post
Selects Heavy Armor Battlegroup
Construct Platoon Command Post
Selects Light Vehicle Withdraw and Refit
Unlock Bishop Self-propelled Artillery
Light Vehicle Withdraw and Refit
Construct Field Infirmary
Light Vehicle Withdraw and Refit
Bishop Self-propelled Artillery
Selects Rigorous Vehicle Training
Bishop Self-propelled Artillery
Selects Forward Repair Assembly
6-pounder Anti-tank Gun Team
6-pounder Anti-tank Gun Team